 Dungeon Sprint DCSS version 0.23.0-3-gf3c87f2 (webtiles) character file.

Game seed: 1357480394060461624

1907 nuthulu the Blocker (level 9, 0/81 HPs)
             Began as a Formicid Fighter on Feb 23, 2019.
             Was a Believer of Qazlal.
             Slain by a ten-headed hydra (12 damage)
             ... in the Dungeon (Sprint IX: "|||||||||||||||||||||||||||||").
             The game lasted 00:03:15 (416 turns).

nuthulu the Blocker (Formicid Fighter)               Turns: 416, Time: 00:03:16

Health: 0/81       AC: 14    Str: 23    XL:     9   Next: 38%
Magic:  7/9        EV: 10    Int: 12    God:    Qazlal [**....]
Gold:   0          SH: 16    Dex: 10    Spells: 8/8 levels left

rFire    . . .     SeeInvis +   p - +2 halberd (venom)
rCold    . . .     Gourm    .   c - +0 shield
rNeg     . . .     Faith    .   b - +0 scale mail
rPois    .         Spirit   .   (helmet unavailable)
rElec    .         Reflect  .   r - +0 cloak
rCorr    .         Harm     .   (no gloves)
MR       .....                  q - +0 pair of boots
Stlth    ..........             (no amulet)
HPRegen  0.23/turn              l - +3 ring of intelligence
MPRegen  0.11/turn              s - +2 ring of protection

@: very slightly contaminated, invisible
A: permanent stasis, dig shafts and tunnels, four strong arms, antennae 3
a: Dig, Upheaval, Renounce Religion


You were in the Dungeon.
You worshipped Qazlal.
Qazlal was pleased with you.
You were not hungry.

You visited 1 branch

Inventory:

Hand Weapons
 a - a +0 trident
 p - a +2 halberd of venom (weapon)
Armour
 b - a +0 scale mail (worn)
 c - a +0 shield (worn)
 q - a +0 pair of boots (worn)
 r - a +0 cloak (worn)
Jewellery
 l - a +3 ring of intelligence (left hand)
 s - a +2 ring of protection (right hand)
Wands
 o - a wand of iceblast (10)
Scrolls
 k - 2 scrolls of blinking
 m - 3 scrolls of remove curse
 n - 2 scrolls of amnesia
Potions
 e - 4 potions of curing
 g - a potion of heal wounds
 h - a potion of haste
 i - 4 potions of magic
 j - a potion of berserk rage
Comestibles
 f - a ration
 t - 3 chunks of flesh


   Skills:
 + Level 11.4 Fighting
 + Level 10.2 Polearms
 + Level 11.4 Armour
 + Level 12.3 Shields


You had 8 spell levels left.
You didn't know any spells.
Your spell library was empty.

Dungeon Overview and Level Annotations

Branches:
Dungeon (1/1)

Altars:
Cheibriados
Dithmenos
Elyvilon
Fedhas
Gozag
Hepliaklqana
Kikubaaqudgha
Makhleb
Nemelex Xobeh
Okawaru
Qazlal
Ru
Sif Muna
Trog
Uskayaw
Vehumet
Wu Jian
Xom
Yredelemnul
Zin
The Shining One
Beogh
Jiyva
Lugonu


Innate Abilities, Weirdness & Mutations

You cannot be hasted, slowed, berserked, paralysed or teleported.
You can dig through walls and to a lower floor.
Your four strong arms can wield two-handed weapons with a shield.
You have a pair of large antennae on your head. (SInv)


Message History

The seven-headed hydra grows two more!
You puncture the nine-headed hydra!
The nine-headed hydra is lightly wounded.
You block the nine-headed hydra's attack. x2
The nine-headed hydra completely misses you.
The nine-headed hydra closely misses you.
The nine-headed hydra barely misses you. x2
You block the nine-headed hydra's attack. x2
The nine-headed hydra barely misses you.
You catch the helpless nine-headed hydra completely off-guard!
You hack one of the nine-headed hydra's heads off!
The eight-headed hydra grows two more!
You impale the ten-headed hydra!!
The ten-headed hydra is moderately wounded.
The ten-headed hydra bites you.
* * * LOW HITPOINT WARNING * * *
You block the ten-headed hydra's attack.
The ten-headed hydra bites you but does no damage. x2
The ten-headed hydra bites you!
* * * LOW HITPOINT WARNING * * *
The ten-headed hydra bites you!
You die...

{
▓_▓
{
▓_▓
▓_▓
{
▓_▓
{
▓_▓
{
▓_▓
{
▓_▓
{
▓_▓
{
▓@▓
{
▓D▓
{
▓h▓
{
▓_▓
▓'▓
{
▓.▓
{
▓†▓
{
▓|▓
▓(▓


You could see a ten-headed hydra and a hound.

Vanquished Creatures
  A catoblepas (D)
  A two-headed ogre (D)
  A slime creature (D)
  An orc warrior (D)
  A sky beast (D)
  An ogre (D)
  A centaur (D)
  A big kobold (D)
  A crimson imp (D)
  2 worker ants (D)
  A shadow imp (D)
  An adder skeleton (D)
  2 dart slugs (D)
  2 leopard geckos (D)
  An orc (D)
  A goblin (D)
  A bat (D)
20 creatures vanquished.

Notes
Turn   | Place    | Note
-------+----------+-------------------------------------------
     0 | D        | nuthulu the Formicid Fighter began the quest for the Orb.
     0 | D        | Reached XP level 1. HP: 18/18 MP: 1/1
    11 | D        | Reached skill level 4 in Shields
    14 | D        | Reached XP level 2. HP: 25/25 MP: 2/2
   141 | D        | Noticed an ogre
   141 | D        | Noticed a sky beast
   146 | D        | Killed an ogre
   146 | D        | Reached skill level 5 in Fighting
   146 | D        | Reached skill level 5 in Armour
   146 | D        | Reached skill level 6 in Shields
   146 | D        | Reached XP level 3. HP: 34/34 MP: 3/3
   146 | D        | Reached XP level 4. HP: 40/40 MP: 4/4
   149 | D        | Reached XP level 5. HP: 45/46 MP: 5/5
   159 | D        | Killed a sky beast
   159 | D        | Reached skill level 7 in Shields
   159 | D        | Reached XP level 6. HP: 55/55 MP: 6/6
   166 | D        | Found a roughly hewn altar of Beogh.
   166 | D        | Found a snail-covered altar of Cheibriados.
   166 | D        | Found a shadowy altar of Dithmenos.
   166 | D        | Found a white marble altar of Elyvilon.
   166 | D        | Found a blossoming altar of Fedhas.
   166 | D        | Found an opulent altar of Gozag.
   167 | D        | Found a hazy altar of Hepliaklqana.
   168 | D        | Found a viscous altar of Jiyva.
   169 | D        | Found an ancient bone altar of Kikubaaqudgha.
   170 | D        | Found a corrupted altar of Lugonu.
   171 | D        | Found a burning altar of Makhleb.
   172 | D        | Found a sparkling altar of Nemelex Xobeh.
   173 | D        | Found an iron altar of Okawaru.
   174 | D        | Found a stormy altar of Qazlal.
   175 | D        | Found a sacrificial altar of Ru.
   190 | D        | Found a deep blue altar of Sif Muna.
   191 | D        | Found a bloodstained altar of Trog.
   192 | D        | Found a hide-covered altar of Uskayaw.
   193 | D        | Found a radiant altar of Vehumet.
   194 | D        | Found an ornate altar of the Wu Jian Council.
   195 | D        | Found a shimmering altar of Xom.
   196 | D        | Became a worshipper of Qazlal Stormbringer
   197 | D        | Found a basalt altar of Yredelemnul.
   198 | D        | Found a glowing silver altar of Zin.
   199 | D        | Found a glowing golden altar of the Shining One.
   243 | D        | Noticed an orc warrior
   246 | D        | Reached skill level 8 in Shields
   255 | D        | Reached skill level 9 in Shields
   258 | D        | Reached * piety under Qazlal
   258 | D        | Reached XP level 7. HP: 62/63 MP: 7/7
   277 | D        | Reached ** piety under Qazlal
   332 | D        | Noticed a two-headed ogre
   332 | D        | Noticed a catoblepas
   332 | D        | Noticed a slime creature
   332 | D        | Noticed a five-headed hydra
   356 | D        | Killed a two-headed ogre
   356 | D        | Reached skill level 10 in Fighting
   356 | D        | Reached skill level 10 in Armour
   356 | D        | Reached skill level 11 in Shields
   356 | D        | Reached XP level 8. HP: 42/72 MP: 8/8
   384 | D        | Killed a catoblepas
   384 | D        | Reached skill level 10 in Polearms
   384 | D        | Reached skill level 12 in Shields
   384 | D        | Reached XP level 9. HP: 39/81 MP: 9/9
   409 | D        | Killed a slime creature
   416 | D        | Slain by a ten-headed hydra

Skill      XL: |  1  2  3  4  5  6  7  8 |
---------------+-------------------------+-----
Shields        | 4 6 7 9 11 12 | 12.3
Fighting       | 5 6 7 8 10 11 | 11.4
Armour         | 5 6 7 8 10 11 | 11.4
Polearms       | 4 6 7 9 10 | 10.2

Action                   |  1- 3 |  4- 6 |  7- 9 || total
-------------------------+-------+-------+-------++-------
Melee: Trident           |    23 |    13 |       ||    36
       Halberd           |       |    14 |    48 ||    62
Invok: Upheaval          |       |       |     1 ||     1
  Use: Potion            |     1 |       |     4 ||     5
 Stab: Petrified         |       |       |     2 ||     2
       Invisible         |       |       |     1 ||     1
Armor: Scale mail        |     3 |    10 |    19 ||    32
Dodge: Dodged            |     3 |     4 |    18 ||    25
Block: Shield            |    14 |    12 |    36 ||    62
